Map: Cerulean Fall LE

Players

Odin - Winner!

  • Race: Zerg Zerg
  • League: Gold
  • Spawn Location: 7:00

keyser

  • Race: Terran Terran
  • League: Gold
  • Spawn Location: 1:00

VOD

Have the link to the VOD?

Description

Time

  • Played on: Dec. 15, 2018, 12:55 a.m.
  • Length: 23:02
Show
View Real Time Build Order
Export as new Build Order

Odin Zerg - Winner!

Build Orders: Hatch First, Lurkers 

Get SALT Encoding   

  12  0:01  Drone  
  13  0:14  Overlord  
  13  0:21  Drone  
  14  0:44  Hatchery  
  14  0:48  Drone  
  14  0:50  Drone  
  15  0:57  Drone  
  16  1:12  Extractor  
  16  1:16  Spawning Pool  
  16  1:18  Drone  
  15  1:21  Drone  
  16  1:47  Drone x3  
  19  1:59  Drone x2  
  21  2:03  Queen  
  21  2:04  Queen  
  25  2:19  Roach Warren  
  25  2:20  Extractor  
  25  2:21  Drone  
  24  2:23  Drone  
  24  2:29  Metabolic Boost  
  25  2:38  Overlord  
  25  3:00  Overlord  
  25  3:11  Drone x2  
  27  3:13  Lair  
  27  3:14  Drone  
  27  3:16  Overlord x2  
  28  3:36  Roach  
  28  3:37  Roach x3  
  36  3:52  Pneumatized Carapace  
  36  3:55  Zergling x2  
  36  3:56  Zergling x6  
  36  3:59  Ravager  
  41  4:08  Extractor  
  40  4:10  Ravager  
  40  4:13  Drone x5  
  40  4:15  Extractor  
  45  4:33  Drone x5  
  45  4:37  Overlord  
  46  4:59  Queen  
  48  5:03  Hatchery  
  47  5:09  Hydralisk Den  
  47  5:12  Drone x4  
  50  5:31  Roach  
  50  5:32  Roach x4  
  60  5:38  Overlord  
  60  5:40  Overlord  
  60  5:50  Glial Reconstitution  
  60  6:12  Hydralisk x6  
  60  6:16  Overseer  
  72  6:20  Spore Crawler  
  72  6:22  Spore Crawler  
  70  6:30  Queen  
  72  6:35  Ravager x3  
  72  6:36  Ravager x3  
  78  6:55  Queen  
  78  7:01  Queen  
  80  7:04  Overseer  
  82  7:10  Overlord x3  
  82  7:44  Hydralisk x7  
  96  8:08  Burrow  
  96  8:15  Hatchery  
  96  8:17  Evolution Chamber  
  94  8:20  Evolution Chamber  
  94  8:22  Lurker Den  
  92  8:27  Drone x2  
  92  8:28  Drone  
  95  8:39  Drone x4  
  99  9:09  Drone  
  101  9:10  Drone x6  
  101  9:11  Overlord x3  
  106  9:52  Drone x14  
  120  9:53  Drone x12  
  132  10:13  Extractor  
  131  10:14  Hatchery  
  131  10:15  Extractor, Lurker x5  
  131  10:16  Lurker  
  135  10:35  Overlord  
  135  10:36  Overlord x6  
  135  10:57  Overseer  
  135  11:12  Infestation Pit  
  134  11:30  Grooved Spines  
  134  11:33  Zerg Missile Weapons Level 1, Zerg Ground Armor Level 1  
  134  11:37  Hatchery  
  134  11:39  Extractor  
  132  11:52  Roach x13  
  158  11:55  Hydralisk x9  
  158  11:56  Hydralisk x7  
  158  12:00  Queen, Overlord  
  158  12:01  Overlord x3  
  190  12:22  Ravager x5  
  195  12:41  Muscular Augments  
  189  13:16  Drone x2  
  189  13:17  Drone x9  
  189  13:18  Queen  
  200  13:29  Pathogen Glands  
  200  14:15  Zerg Ground Armor Level 2, Zerg Missile Weapons Level 2  
  200  14:19  Overlord  
  200  14:20  Overlord, Overseer  
  200  14:26  Neural Parasite  
  200  14:34  Spine Crawler  
  200  14:36  Spine Crawler  
  200  14:38  Spore Crawler, Spine Crawler  
  196  14:39  Spine Crawler  
  195  14:50  Spine Crawler  
  195  14:51  Spore Crawler, Spine Crawler  
  192  14:54  Spine Crawler  
  191  15:03  Extractor  
  191  15:04  Zergling x20  
  200  15:30  Hive  
  193  15:56  Infestor x5  
  200  16:51  Overlord x2  
  200  16:55  Zerg Missile Weapons Level 3  
  200  16:56  Zerg Ground Armor Level 3  
  200  17:04  Ultralisk Cavern  
  200  17:07  Spire  
  198  17:09  Spire  
  197  17:38  Adrenal Glands  
  197  18:11  Adaptive Talons  
  197  18:23  Greater Spire  
  132  19:33  Ultralisk x3  
  132  19:34  Ultralisk, Hydralisk x4  
  132  19:35  Hydralisk x19  
  145  20:26  Hydralisk x4  
  153  20:29  Roach x5  
  153  20:30  Roach x4  
  171  20:48  Corruptor x14  
  199  20:54  Ravager  
  194  21:33  Corruptor x3  
  188  21:41  Roach x4  
  162  21:50  Corruptor x10  
  129  22:16  Infestor x3  
  129  22:19  Extractor  
  128  22:22  Extractor  
Show
View Real Time Build Order
Export as new Build Order

keyser Terran 

Build Orders: Mech 

Get SALT Encoding   

  12  0:01  SCV  
  13  0:15  SCV  
  13  0:19  Supply Depot  
  14  0:27  SCV  
  15  0:42  Barracks  
  15  0:45  Refinery  
  15  0:57  SCV  
  16  1:09  SCV  
  17  1:21  SCV  
  18  1:28  Refinery  
  18  1:31  Supply Depot  
  18  1:35  Reaper  
  18  1:38  Orbital Command  
  19  2:08  SCV  
  20  2:11  Factory  
  20  2:15  Marine  
  21  2:20  SCV  
  22  2:34  Marine  
  22  2:35  SCV  
  24  2:56  Barracks Reactor, Starport  
  24  2:59  Widow Mine  
  26  3:14  Command Center  
  26  3:21  Hellion  
  28  3:34  Marine x2  
  30  3:41  Bunker  
  30  3:44  SCV  
  30  3:48  Supply Depot  
  31  3:49  Supply Depot  
  31  3:59  Factory Tech Lab, Starport Tech Lab  
  32  4:10  SCV  
  32  4:20  Refinery, Siege Tank  
  32  4:21  Marine x2  
  37  4:35  Raven  
  37  4:36  Supply Depot  
  39  4:46  SCV  
  39  4:51  Orbital Command  
  40  5:01  Infernal Pre-Igniter  
  40  5:02  Hellion  
  42  5:12  SCV  
  43  5:24  SCV, Hellion  
  43  5:28  SCV  
  47  5:45  Hellion  
  47  5:48  Factory  
  49  5:50  Factory  
  49  5:58  SCV  
  49  5:59  SCV  
  49  6:01  Supply Depot  
  49  6:03  Refinery  
  51  6:10  SCV  
  51  6:11  SCV  
  53  6:16  Banshee  
  56  6:18  Cloaking Field  
  56  6:25  Supply Depot  
  56  6:29  Factory  
  56  6:32  Factory Tech Lab  
  56  6:33  Factory Tech Lab  
  56  6:38  Armory  
  56  6:39  SCV x2  
  58  6:51  SCV x2  
  58  6:52  Supply Depot  
  60  6:57  Supply Depot  
  60  6:59  Banshee  
  63  7:03  SCV  
  63  7:05  SCV  
  65  7:15  SCV  
  66  7:17  SCV  
  67  7:41  Banshee  
  70  8:04  Command Center  
  70  8:16  Hellion x2  
  74  8:23  Thor, Siege Tank x2  
  86  8:38  Hellion x2  
  90  8:55  Thor, Siege Tank  
  96  8:59  Hellion  
  101  9:06  Supply Depot  
  101  9:12  Armory, Supply Depot  
  101  9:16  Hellion, Siege Tank  
  106  9:19  Engineering Bay  
  106  9:20  Hellion  
  108  9:29  Supply Depot  
  108  9:37  Hellion  
  111  9:46  SCV x2  
  111  9:48  Orbital Command  
  112  9:58  SCV x2  
  114  10:10  SCV  
  114  10:11  Refinery  
  115  10:14  Sensor Tower  
  115  10:16  Refinery, Hellion x2  
  115  10:19  Thor, Siege Tank x2  
  131  10:31  Raven  
  133  10:37  Hellion x2  
  133  10:39  SCV x2  
  139  10:50  Smart Servos  
  139  10:59  Hellion  
  141  11:14  Supply Depot  
  141  11:15  Supply Depot  
  141  11:18  Supply Depot  
  141  11:35  Thor, SCV x2  
  141  11:36  SCV, Siege Tank  
  141  11:37  Hellion x2  
  141  11:38  Supply Depot  
  141  11:39  Supply Depot  
  157  11:40  Raven, Siege Tank  
  162  11:58  Hellion  
  162  12:00  Hellion  
  162  12:01  Terran Vehicle Weapons Level 1, Starport  
  166  12:04  Terran Vehicle And Ship Armor Level 1  
  166  12:09  Siege Tank  
  166  12:12  Thor  
  166  12:14  Command Center  
  175  12:18  Thor  
  180  13:03  Hellion  
  180  13:05  Siege Tank  
  179  13:21  Hellion  
  179  13:25  SCV x3, Siege Tank x2  
  179  13:26  SCV, Hellion  
  193  13:32  Supply Depot  
  193  13:35  Supply Depot  
  193  13:36  Supply Depot  
  193  13:38  Supply Depot  
  193  13:40  Supply Depot  
  193  13:43  Hellion  
  193  13:48  Fusion Core  
  195  13:54  Armory, Hellion  
  197  13:58  Siege Tank  
  197  13:59  Neosteel Armor  
  200  14:25  Sensor Tower  
  200  14:34  Terran Vehicle Weapons Level 2  
  200  14:35  Terran Vehicle And Ship Armor Level 2  
  200  14:37  Weapon Refit  
  200  14:41  Terran Ship Weapons Level 1  
  200  14:55  Planetary Fortress  
  200  15:08  Refinery  
  200  15:39  Hi-Sec Auto Tracking  
  200  16:01  Sensor Tower  
  200  16:11  Starport Tech Lab  
  200  16:18  Starport  
  200  16:19  Starport  
  200  16:22  Starport  
  200  16:25  Starport  
  200  16:26  Starport  
  200  16:37  Terran Ship Weapons Level 2  
  200  16:44  Refinery  
  200  16:54  Terran Vehicle Weapons Level 3  
  200  16:55  Terran Vehicle And Ship Armor Level 3  
  200  17:19  Starport Tech Lab x2  
  200  17:20  Starport Tech Lab  
  200  17:21  Starport Tech Lab x2  
  200  17:40  Command Center  
  200  17:42  Command Center  
  200  18:54  Terran Ship Weapons Level 3  
  92  20:03  Battlecruiser x3  
  92  20:04  Battlecruiser x3  
  122  20:13  Orbital Command x2  
  116  20:20  Hellion x3  
  116  20:21  Hellion x2  
  126  20:41  Hellion  
  126  20:42  Hellion x4  
  136  21:03  Hellion x5  
  146  21:04  Command Center  
  146  21:07  Battlecruiser  
  146  21:08  Battlecruiser x4  
  146  21:09  Battlecruiser  
Tags
 
Composition
LurkersMech
League
GoldGold
Matchup
TvZ
Spawn Locations
Cross Positions
Add a new tag
Caveats
  • Supply blocks, unpowered buildings, or Contaminate may cause inaccurate times.
  • Supply counts are checked every 10 seconds.